 Dungeon Crawl Stone Soup version 0.27-a0-1579-g97d2440184 (webtiles) character file.

Game seed: 1055220850376931587

145 bilbop the Caller (level 5, -1/30 HPs)
             Began as a Kobold Summoner on July 18, 2021.
             Slain by an orc priest (2 damage)
             ... on level 4 of the Dungeon.
             The game lasted 00:19:06 (3446 turns).

bilbop the Caller (Kobold Summoner)                 Turns: 3446, Time: 00:19:07

Health: -1/30      AC: 15    Str:  6    XL:     5   Next: 53%
Magic:  6/9        EV: 14    Int: 16    God:
Gold:   119        SH:  0    Dex: 16    Spells: 4/10 levels left

rFire    . . .     SeeInvis .   a - +1 dagger (protect)
rCold    . . .     Faith    .   (shield restricted)
rNeg     . . .     Spirit   .   i - +0 leather armour
rPois    .         Reflect  .   (no helmet)
rElec    .         Harm     .   (no cloak)
rCorr    .         Rampage  .   b - +2 pair of gloves
Will     .....                  r - +1 pair of boots
Stlth    +++.......             (no amulet)
HPRegen  0.10/turn              (no ring)
MPRegen  0.11/turn              (no ring)

@: under a protective aura
A: small, no large weapons, nightstalker 3
a: no special abilities


You were on level 4 of the Dungeon.
You visited 1 branch of the dungeon, and saw 4 of its levels.

You collected 119 gold pieces.

Inventory:

Hand Weapons
 a - a +1 dagger of protection (weapon)
 j - a +0 dagger
Missiles
 c - 92 bolts
Armour
 b - a +2 pair of gloves (worn)
 d - a +0 robe
 i - a +0 leather armour (worn)
 o - a +0 kite shield
 r - a +1 pair of boots (worn)
Wands
 p - a wand of paralysis (8)
Scrolls
 f - 3 scrolls of torment {unknown}
 g - 2 scrolls of summoning {unknown}
 k - 3 scrolls of identify {unknown}
 n - a scroll of enchant weapon {unknown}
 s - a scroll of amnesia {unknown}
Potions
 e - 2 potions of haste {unknown}
 h - 2 potions of curing {unknown}
 l - a potion of attraction {unknown}
 m - a potion of ambrosia {unknown}
 q - 2 potions of berserk rage {unknown}
 t - a potion of lignification {unknown}


   Skills:
 + Level 1.7 Fighting
 + Level 2.1 Short Blades
 + Level 0.8 Armour
 + Level 3.0 Dodging
 + Level 3.7 Stealth
 + Level 3.0 Spellcasting
 + Level 4.5 Summonings


You had 4 spell levels left.
You knew the following spells:

 Your Spells              Type           Power      Damage    Failure   Level
a - Summon Small Mammal   Summ           64%        N/A       4%          1
b - Call Imp              Summ           16%        N/A       7%          2
c - Call Canine Familiar  Summ           16%        N/A       14%         3

Your spell library contained the following spells:

 Spells                   Type           Power      Damage    Failure   Level
 Summon Guardian Golem    Hex/Summ       9%         N/A       34%         3
 Summon Lightning Spire   Summ/Air       9%         N/A       75%         4


Dungeon Overview and Level Annotations

Branches:
Dungeon (4/15)
 Temple: D:4-7

Altars:


Innate Abilities, Weirdness & Mutations

You are small and have problems with some larger weapons.
You are completely attuned to the shadows.


Message History

The orc priest is heavily wounded.
The orc priest completely misses you.
Your crimson imp blinks!
You barely miss the orc priest.
The orc priest is heavily wounded.
The orc priest hits you but does no damage.
You closely miss the orc priest.
The orc priest is heavily wounded.
The orc priest misses you.
You completely miss the orc priest.
The orc priest is heavily wounded.
The orc priest completely misses you.
You hit the orc priest but do no damage.
The orc priest is heavily wounded.
The orc priest hits you with a +0 short sword.
You hit the orc priest but do no damage.
The orc priest is heavily wounded.
Your crimson imp blinks!
The orc priest barely misses you.
You hit the orc priest.
The orc priest is severely wounded.
You hit the orc priest but do no damage.
The orc priest is severely wounded.
The orc priest hits you with a +0 short sword.
You barely miss the orc priest.
The orc priest is severely wounded.
The orc priest mumbles some strange prayers to Beogh against you.
Beogh smites you!
You closely miss the orc priest.
The orc priest is severely wounded.
The orc priest calls down the wrath of Beogh upon you.
Beogh smites you!
* * * LOW HITPOINT WARNING * * *
You hit the orc priest but do no damage.
The orc priest is severely wounded.
The orc priest misses you.
You hit the orc priest.
The orc priest is severely wounded.
The orc priest hits you with a +0 short sword.
You die...

## ... # #.#
## # # #.##.#
##.# ##.#.#
...# #...###
## ####
#.....##.# .#
#.#.#.#.# ....
#.##.55## .###
#.###@## ##
#.# #o# #
#.#.# #.#
#.#.# #)# ####
#.#.# #..
...#######.#.#
####
##..)......#.#
........[....#
##############


You could see an orc priest (ally target), a friendly crimson imp (summoned) and
a friendly white imp (summoned).

Vanquished Creatures
  Jessica (D:3)
  An adder (D:2)
  An adder skeleton (D:4)
  4 orcs
  5 bats
  5 endoplasms
  2 giant cockroaches (D:2)
  4 goblins
  2 hobgoblins
  2 quokkas
  4 ball pythons
  2 frilled lizards
  5 kobolds
  2 rats (D:3)
40 creatures vanquished.

Vanquished Creatures (collateral kills)
  An orc wizard (D:3)
  4 adders (D:3)
  A worm (D:2)
  A dart slug (D:2)
  6 orcs
  3 endoplasms (D:1)
  A goblin (D:1)
  A hobgoblin (D:1)
  5 jackals
  3 kobolds
  A frilled lizard (D:1)
  2 rats
29 creatures vanquished.

Grand Total: 69 creatures vanquished

Notes
Turn   | Place    | Note
-------+----------+-------------------------------------------
     0 | D:1      | bilbop the Kobold Summoner began the quest for the Orb.
     0 | D:1      | Reached XP level 1. HP: 10/10 MP: 3/3
   174 | D:1      | Reached XP level 2. HP: 15/15 MP: 5/5
   539 | D:1      | Reached skill level 1 in Short Blades
   823 | D:1      | Found a faded altar of an unknown god.
   994 | D:2      | Reached XP level 3. HP: 20/20 MP: 2/6
  1226 | D:2      | Learned a level 2 spell: Call Imp
  1803 | D:3      | Reached XP level 4. HP: 24/24 MP: 7/7
  2039 | D:3      | Reached skill level 1 in Fighting
  2799 | D:3      | Reached XP level 5. HP: 29/29 MP: 7/9
  3102 | D:3      | Noticed Jessica
  3116 | D:3      | Learned a level 3 spell: Call Canine Familiar
  3123 | D:3      | Killed Jessica
  3299 | D:4      | Found the +8 mithril axe "Arga" {speed, Will+}
  3444 | D:4      | HP: 1/30 [orc priest/divine providence (11)]
  3446 | D:4      | Slain by an orc priest

Illustrated notes

Levels and vault maps discovered:
D:1:      psy_arrival_terrarium, layout_rooms, shapermc_ecumenical_altar_petra
D:2:      layout_rooms, serial_bayou_ford_a
D:3:      layout_loops_ring, kennysheep_cross_room, uniq_jessica
D:4:      layout_loops_ring, fedhas_altar_3

Skill      XL: |  1  2  3  4  5 |
---------------+----------------+-----
Stealth        | 3 |  3.7
Short Blades   | 1 2 |  2.1
Fighting       | 1 |  1.7
Dodging        | 3 |  3.0
Spellcasting   | 3 |  3.0
Armour         | |  0.8
Summonings     | |  4.5

Action                   |  1- 3 |  4- 6 || total
-------------------------+-------+-------++-------
Melee: Dagger            |    77 |   123 ||   200
 Cast: Summon Small Mamm |    29 |       ||    29
       Call Imp          |     1 |    19 ||    20
       Call Canine Famil |       |     2 ||     2
 Stab: Sleeping          |    12 |     7 ||    19
       Distracted        |     2 |     1 ||     3
Armor: Robe              |     1 |       ||     1
       Leather armour    |    22 |    40 ||    62
Dodge: Dodged            |    56 |    93 ||   149

Table legend: (Time is in decaauts)
 A = Elapsed time spent in this place.
 B = Non-inter-level travel time spent in this place.
 C = Inter-level travel time spent in this place.
 D = Time resting spent in this place.
 E = Time spent auto-exploring this place.
 F = Levels seen in this place.
 G = Mean time per level.
                   A        B        C        D        E       F      G
               +--------+--------+--------+--------+--------+-----+--------+
         Total |   3432 |   3309 |    123 |    296 |   2272 |   4 |  858.0 |
       Dungeon |   3432 |   3309 |    123 |    296 |   2272 |   4 |  858.0 |
               +--------+--------+--------+--------+--------+-----+--------+

Top non-repeatable levels by time:
     D:3: 1523 daAuts
     D:1: 984 daAuts
     D:2: 772 daAuts
     D:4: 151 daAuts
